 Dungeon Crawl Stone Soup version 0.31-a0-198-g2ad674f65e (webtiles) character file.

Game seed: 14037131424046671732

65 rabbitsville the Trooper (level 4, -1/41 HPs)
             Began as a Hill Orc Fighter on June 25, 2023.
             Slain by Sigmund
             ... wielding a +0 scythe
              (5 damage)
             ... on level 2 of the Dungeon.
             The game lasted 00:06:04 (1782 turns).

rabbitsville the Trooper (Hill Orc Fighter)         Turns: 1782, Time: 00:06:05

Health: -1/41      AC:  6    Str: 20    XL:     4   Next: 13%
Magic:  4/4        EV:  9    Int:  8    God:
Gold:   60         SH:  4    Dex: 10    Spells: 3/3 levels left

rFire   . . .        a - +0 flail
rCold   . . .        c - +0 buckler
rNeg    . . .        b - +0 scale mail
rPois   .            (no helmet)
rElec   .            (no cloak)
rCorr   .            (no gloves)
SInv    .            (no boots)
Will    .....        (no amulet) Stlth
                     (no ring)
HPRegen 0.26/turn    (no ring)
MPRegen 0.09/turn

%: no passive effects
@: no status effects
A: no striking features
a: no special abilities


You were on level 2 of the Dungeon.
You visited 1 branch of the dungeon, and saw 2 of its levels.

You collected 60 gold pieces.

Inventory:

Hand Weapons
 a - a +0 flail (weapon)
Armour
 b - a +0 scale mail (worn)
 c - a +0 buckler (worn)
Scrolls
 f - 6 scrolls of identify {unknown}
Potions
 d - a potion of might
 g - a potion of degeneration {unknown}


   Skills:
 + Level 4.5 Fighting
 + Level 3.2 Maces & Flails
 - Level 3.2 Armour
 + Level 4.0 Shields


You had 3 spell levels left.
You didn't know any spells.
Your spell library contained the following spells:

 Spells                   Type           Power      Damage    Failure   Level
 Alistair's Intoxication  Tmut/Pois      0%         N/A       100%        5
 Borgnjor's Vile Clutch   Necr/Erth      0%         N/A       100%        5
 Eringya's Noxious Bog    Tmut/Pois      0%         N/A       100%        6


Dungeon Overview and Level Annotations

Branches:
Dungeon (2/15)

Altars:

Shops:
D:2 [

Annotations:
D:2 Sigmund


Message History

You climb downwards.
Level annotation: Sigmund
There is a stone staircase leading up here.
Sigmund misses you. Sigmund hits you with a +0 scythe.
You sock Sigmund!
Sigmund is heavily wounded.
Sigmund hits you with a +0 scythe.
You hit Sigmund but do no damage.
Sigmund is heavily wounded.
You hit Sigmund.
Sigmund is severely wounded.
Sigmund hits you with a +0 scythe.
You barely miss Sigmund.
Sigmund is severely wounded.
Sigmund points at you and mumbles some strange words.
You are confused.
Sigmund hits you with a +0 scythe.
You're too confused to move!
Sigmund misses you.
You closely miss Sigmund.
Sigmund is severely wounded.
Sigmund hits you with a +0 scythe!
You're too confused to move!
You miss Sigmund.
Sigmund is severely wounded.
Sigmund barely misses you.
You bump into the rock wall.
You feel less confused.
Sigmund casts a spell.
Sigmund flickers and vanishes!
Deactivating autopickup; reactivate with Ctrl-A.
You barely miss something. Something hits you!
You miss something. Something hits you but does no damage.
You completely miss something. Something hits you.
* * * LOW HITPOINT WARNING * * *
You miss something. You closely miss something. Something hits you!
* * * LOW HITPOINT WARNING * * *
You miss something. Something hits you.
You die...

..##.# #.....#.#
.....###...#{#.#
#.#........#.#.#
#.#........#.#.#
#.......#..#.#.# .#
#.##.#..#..#.# .#
........#.#..#### .#
#..####>..#.....## .#
#.........#....{@# .#
##.######.#.#.##.##.#
#.# ###>#...##....###
##.####.....#.#.<....[#
...#..............###.#
...#.##.#.#.......# #
.#.#.##.#.###.#####
##.#.##.#.....#<###
.....##.#..#......#


There were no monsters in sight!

Vanquished Creatures
  An adder (D:2)
  2 dart slugs
  9 ball pythons
  4 bats
  3 endoplasms (D:1)
  2 giant cockroaches (D:2)
  3 hobgoblins (D:2)
  4 jackals (D:1)
  5 kobolds
  4 quokkas
  5 frilled lizards (D:2)
  3 goblins (D:1)
  2 rats (D:1)
47 creatures vanquished.

Notes
Turn   | Place    | Note
-------+----------+-------------------------------------------
     0 | D:1      | rabbitsville the Hill Orc Fighter began the quest for the
                  | Orb.
     0 | D:1      | Reached XP level 1. HP: 19/19 MP: 1/1
   108 | D:1      | Reached XP level 2. HP: 25/27 MP: 2/2
   650 | D:1      | Reached XP level 3. HP: 33/33 MP: 3/3
  1023 | D:2      | Noticed Sigmund
  1243 | D:2      | Reached XP level 4. HP: 18/41 MP: 4/4
  1343 | D:2      | Found Wojimon's Armour Boutique.
  1782 | D:2      | Slain by Sigmund

Illustrated notes

Levels and vault maps discovered:
D:1:      amcnicky_arrival_underground_garden, layout_loops_corners,
          minmay_misc_feat_rows
D:2:      layout_basic, serial_shops, shop, uniq_sigmund

Skill      XL: |  1  2  3 |
---------------+----------+-----
Fighting       | 4 |  4.5
Maces & Flails | 3 |  3.2
Shields        | 4 |  4.0
Armour         | |  3.2

Action                     |  1- 3 |  4- 6 || total
---------------------------+-------+-------++-------
  Melee: Flail             |   127 |    58 ||   185
    Use: Scroll            |       |     1 ||     1
 Armour: Scale mail        |    70 |    20 ||    90
  Dodge: Dodged            |    65 |    20 ||    85
  Block: Buckler           |    38 |     7 ||    45

Table legend: (Time is in decaauts)
 A = Elapsed time spent in this place.
 B = Non-inter-level travel time spent in this place.
 C = Inter-level travel time spent in this place.
 D = Time resting spent in this place.
 E = Time spent auto-exploring this place.
 F = Levels seen in this place.
 G = Mean time per level.
                   A        B        C        D        E       F      G
               +--------+--------+--------+--------+--------+-----+--------+
         Total |   1835 |   1835 |      0 |    423 |    599 |   2 |  917.5 |
       Dungeon |   1835 |   1835 |      0 |    423 |    599 |   2 |  917.5 |
               +--------+--------+--------+--------+--------+-----+--------+

Top non-repeatable levels by time:
     D:1: 1174 daAuts
     D:2: 661 daAuts
